 Dungeon Sprint DCSS version 0.30.1-4-g462c640d31 (webtiles) character file.

Game seed: 3231196409382286827

989 Heoruswealwe the Unseen (level 7, -1/32 HPs)
             Began as a Spriggan Artificer on Aug 29, 2023.
             Was the Champion of Zin.
             Slain by a deep troll (14 damage)
             ... in the Dungeon (Sprint I: "Red Sonja").
             The game lasted 00:03:29 (232 turns).

Heoruswealwe the Unseen (Spriggan Artificer)         Turns: 232, Time: 00:03:30

Health: -1/32      AC:  2    Str:  8    XL:     7   Next: 98%
Magic:  8/8        EV: 24    Int: 13    God:    Zin [******]
Gold:   424        SH:  0    Dex: 17    Spells: 6/6 levels left

rFire   . . .        a - +0 club
rCold   . . .        (no shield)
rNeg    . . .        b - +0 robe
rPois   .            (helmet restricted)
rElec   .            (no cloak)
rCorr   .            (gloves unavailable)
SInv    +            (boots unavailable)
Will    +....        (no amulet)
Stlth   +++++++      (no ring)
HPRegen 0.25/turn    (no ring)
MPRegen 0.11/turn

%: no teleportation
@: very quick
A: very small, no large weapons, unfitting armour, see invisible, speed 3
a: Renounce Religion, Recite, Vitalisation, Imprison, Sanctuary, Donate Gold


You were in the Dungeon.
You worshipped Zin.
Zin was exalted by your worship.
You visited 1 branch You collected 459 gold pieces.
You donated 35 gold pieces to Zin.

Inventory:

Hand Weapons
 a - a +0 club (weapon)
Armour
 b - a +0 robe (worn)
Wands
 c - a wand of flame (1) (quivered)
 d - a wand of charming (15)
 l - a wand of digging (5)
Scrolls
 k - a scroll of blinking
 n - a scroll of torment {unknown}
Potions
 f - 2 potions of curing
 g - a potion of heal wounds
 h - 2 potions of haste
 i - 2 potions of magic
 j - a potion of berserk rage
 m - 2 potions of lignification {unknown}


   Skills:
 - Level 0.7 Fighting
 + Level 10.7 Dodging
 * Level 16.7 Stealth
 * Level 14.7 Evocations


You had 6 spell levels left.
You didn't know any spells.
Your spell library was empty.

Dungeon Overview and Level Annotations

Branches:
Dungeon (1/1)

Altars:
Cheibriados
Dithmenos
Elyvilon
Fedhas
Gozag
Hepliaklqana
Kikubaaqudgha
Nemelex Xobeh
Okawaru
Qazlal
Ru
Sif Muna
Trog
Uskayaw
Vehumet
Wu Jian
Yredelemnul
Zin
The Shining One

Shops:
D :=


Innate Abilities, Weirdness & Mutations

You are very small and have problems with some larger weapons.
You are too small for most types of armour.
You have supernaturally acute eyesight. (SInv)
You cover ground extremely quickly. (Speed+++)


Message History

a +0 short sword of distortion; 2 curare-tipped darts You feel sick.
You now have 343 gold pieces (gained 27).
You feel sick.
You feel sick.
You now have 370 gold pieces (gained 27).
You feel sick.
You feel sick.
You are no longer poisoned.
You now have 397 gold pieces (gained 27).
You now have 424 gold pieces (gained 27).
You open the door.
There is an open door here.
Found Otwuazio's Book Boutique.
You feel yourself speed up.
There is an entrance to Otwuazio's Book Boutique here.
Unknown command.
There is an open door here.
Things that are here:
a +0 short sword of distortion; 2 curare-tipped darts You open the door. 2 ballistomycete spores come into view.
Found four items.
Found 54 gold pieces.
There is an open door here.
Unknown command.
Things that are here:
a +0 short sword of distortion; 2 curare-tipped darts You open the door.
A deep troll comes into view.
Found 108 gold pieces.
There is an open door here.
You see here 27 gold pieces.
You see here 27 gold pieces.
The helpless deep troll fails to defend itself.
You thump the deep troll!
The deep troll is lightly wounded.
The deep troll closely misses you. The deep troll completely misses you.
The deep troll claws you!
You die...

#..#####'#####'#
#..####..#...#.#
#..#__####..##.#
#..#_____##'#_.+
#)⌠#_.∩...'..._#
##.#_..__##_.#'#
#..#_____###'#[#
############.####+###
#∩........'...'$@T$$+
###++++####.).#######
##.## #'# #$*$*$#
#$!$?$# #######


You could see a deep troll.

Vanquished Creatures
  Sonja (D)
  Sigmund (D)
  A yak (D)
  An ogre (D)
  A jelly (D)
  Ijyb (D)
6 creatures vanquished.

Notes
Turn   | Place    | Note
-------+----------+-------------------------------------------
     0 | D        | Heoruswealwe the Spriggan Artificer began the quest for the
                  | Orb.
     0 | D        | Reached XP level 1. HP: 9/9 MP: 2/2
     1 | D        | Noticed Ijyb
     3 | D        | Killed Ijyb
     4 | D        | Reached skill level 5 in Stealth
     4 | D        | Reached XP level 2. HP: 14/14 MP: 3/3
    29 | D        | Noticed an ogre
    43 | D        | Killed an ogre
    44 | D        | Reached skill level 9 in Stealth
    44 | D        | Reached XP level 3. HP: 17/17 MP: 4/4
    44 | D        | Reached XP level 4. HP: 21/21 MP: 5/5
    62 | D        | Noticed Sigmund
    67 | D        | Killed Sigmund
    68 | D        | Reached skill level 12 in Stealth
    68 | D        | Reached XP level 5. HP: 16/25 MP: 6/6
    68 | D        | Reached XP level 6. HP: 18/29 MP: 7/7
   114 | D        | Found an ornate altar of the Wu Jian Council.
   114 | D        | Found a shimmering blue altar of Sif Muna.
   116 | D        | Found a radiant altar of Vehumet.
   147 | D        | Found Muwkug's Jewellery Emporium.
   147 | D        | Found an ancient bone altar of Kikubaaqudgha.
   147 | D        | Found a hazy altar of Hepliaklqana.
   147 | D        | Found a stormy altar of Qazlal.
   147 | D        | Found a hide-covered altar of Uskayaw.
   147 | D        | Found a blossoming altar of Fedhas.
   147 | D        | Found a bloodstained altar of Trog.
   147 | D        | Found an iron altar of Okawaru.
   147 | D        | Found a basalt altar of Yredelemnul.
   147 | D        | Found a glowing golden altar of the Shining One.
   147 | D        | Found a snail-covered altar of Cheibriados.
   147 | D        | Found a sacrificial altar of Ru.
   147 | D        | Found a glowing silver altar of Zin.
   147 | D        | Found a shadowy altar of Dithmenos.
   147 | D        | Found a white marble altar of Elyvilon.
   147 | D        | Noticed a yak
   158 | D        | Killed a yak
   159 | D        | Reached skill level 14 in Stealth
   167 | D        | Found an opulent altar of Gozag.
   168 | D        | Found a sparkling altar of Nemelex Xobeh.
   173 | D        | Became a worshipper of Zin the Law-Giver
   173 | D        | Reached * piety under Zin
   173 | D        | Reached ** piety under Zin
   173 | D        | Reached *** piety under Zin
   173 | D        | Reached **** piety under Zin
   173 | D        | Reached ***** piety under Zin
   173 | D        | Reached ****** piety under Zin
   182 | D        | Noticed Sonja
   184 | D        | Killed Sonja
   185 | D        | Reached skill level 10 in Dodging
   185 | D        | Reached skill level 16 in Stealth
   185 | D        | Reached XP level 7. HP: 17/32 MP: 8/8
   203 | D        | Found Otwuazio's Book Boutique.
   228 | D        | Noticed a deep troll
   232 | D        | Slain by a deep troll

Illustrated notes

Levels and vault maps discovered:
D:        dungeon_sprint_1 [red_sonja_temple_1, red_sonja_temple_small_1]

Skill      XL: |  1  2  3  4  5  6 |
---------------+-------------------+-----
Dodging        | 4 6 8 10 | 10.7
Stealth        | 5 9 12 16 | 16.7
Evocations     | 6 8 11 14 | 14.7
Fighting       | |  0.7

Action                     |  1- 3 |  4- 6 |  7- 9 || total
---------------------------+-------+-------+-------++-------
  Melee: Club              |       |       |     1 ||     1
  Evoke: Wand              |     9 |    11 |       ||    20
   Stab: Sleeping          |       |       |     1 ||     1
  Dodge: Dodged            |       |     1 |     2 ||     3
